 Dungeon Crawl Stone Soup version 0.13.0-65-g2bb7898 (webtiles) character file.

2326 Lilouch the Firebug (level 8, -5/52 HPs)
             Began as a Mummy Fire Elementalist on Nov 25, 2013.
             Was an Initiate of Vehumet.
             Slain by an orc warrior
             ... wielding a cursed -1,+1 orcish short sword
              (18 damage)
             ... on Level 6 of the Dungeon.
             The game lasted 00:58:54 (8382 turns).

Lilouch the Firebug (Mummy Fire Elementalist)       Turns: 8382, Time: 00:58:54

HP  -5/52        AC  3     Str 11      XL: 8   Next: 95%
MP  14/17        EV 10     Int 16      God: Vehumet [......]
Gold 413         SH 18     Dex 12      Spells:  4 memorised,  1 level left

Res.Fire  : x . .   See Invis. : .   n - staff of conjuration (curse)
Res.Cold  : + . .   Warding    : .   J - +0 robe (curse)
Life Prot.: + + +   Conserve   : .   a - +0 shield
Res.Poison: +       Res.Corr.  : .   (no helmet)
Res.Elec. : .       Clarity    : .   r - +0 elf cloak
Sust.Abil.: . .     Spirit.Shd : .   (no gloves)
Res.Mut.  : .       Stasis     : .   (no boots)
Res.Rott. : +       Flight     : .   P - amulet of the gourmand {unknown}
Saprovore : . . .                    h - cursed ring of hunger {unknown}
                                     O - ring of teleport control

@: very slightly contaminated, somewhat resistant to hostile enchantments,
fairly stealthy
A: no food or potions, fire vulnerability, restore body, cold resistance 1, life
protection 3, poison resistance, torment resistance, unbreathing
a: Renounce Religion, Evoke Teleport Control


You were on level 6 of the Dungeon.
You worshipped Vehumet.
Vehumet was noncommittal.
You were not hungry.

You visited 2 branches of the dungeon, and saw 9 of its levels.
You also visited: Ossuary.

You collected 393 gold pieces.

Inventory:

Hand weapons
 c - a cursed +2,+1 dagger of flaming
 e - a +2,+1 elven dagger of venom
 k - a +0,+0 orcish dagger
 v - a +2,+2 vampiric whip
 x - a +0,+1 orcish dagger
 y - a +2,+1 elven dagger
 z - a +0,+1 orcish dagger
 B - a +0,+0 dwarven dagger
 C - a +0,+0 dagger (quivered)
 E - a +0,+2 orcish dagger of speed
 F - a +0,+1 orcish dagger
 G - a +2,+0 elven dagger
 H - a +0,+0 dagger
 K - a +0,+0 bow
 N - a +0,+0 dagger
 R - a +1,+0 spear of piercing
 T - a cursed -2 blowgun
 Y - a +1,+4 morningstar
 Z - a cursed +0,-1 scimitar
Missiles
 l - 44 poisoned needles
 t - 43 sling bullets
 L - 32 arrows
Armour
 a - a +0 shield (worn)
 r - a +0 elven cloak (worn)
 J - a cursed +0 robe (worn)
Magical devices
 s - a wand of confusion (16) {unknown}
 I - a wand of teleportation (3)
 Q - a wand of polymorph (9) {unknown}
 U - a wand of draining (7) {unknown}
Scrolls
 d - 2 scrolls of fear {unknown}
 f - a scroll of magic mapping
 g - a scroll of enchant weapon II
 i - 3 scrolls of enchant armour
 j - 4 scrolls of amnesia {unknown}
 o - 2 scrolls of teleportation
 p - 7 scrolls of remove curse {unknown}
 q - 2 scrolls of fog
 u - 2 scrolls of enchant weapon I {unknown}
 w - a scroll of noise {unknown}
 A - a scroll of blinking
 S - a scroll of identify
 V - a scroll of random uselessness {unknown}
 W - a scroll of recharging {unknown}
Jewellery
 h - a cursed ring of hunger (right hand) {unknown}
 M - an uncursed amulet of inaccuracy {unknown}
 O - a ring of teleport control (left hand)
 P - an amulet of the gourmand (around neck) {unknown}
 X - the ring of Koclixirgh {Wiz Stlth++, unknown}
   (You found it on level 7 of the Dungeon)

   [ring of wizardry]

   It makes you much more stealthy.
Books
 b - a book of Flames

   Spells                             Type                      Level
   *Flame Tongue                      Conjuration/Fire             1
   Throw Flame                        Conjuration/Fire             2
   *Conjure Flame                     Conjuration/Fire             3
   Inner Flame                        Hexes/Fire                   3
   *Sticky Flame                      Conjuration/Fire             4
   *Fireball                          Conjuration/Fire             5
 m - a book of Cantrips

   Spells                             Type                      Level
   Confusing Touch                    Hexes                        1
   Animate Skeleton                   Necromancy                   1
   Summon Small Mammal                Summoning                    1
   Apportation                        Translocation                1
Magical staves
 n - a cursed staff of conjuration (weapon)
Miscellaneous
 D - a plain deck of defence {the Elixir}


   Skills:
 - Level 1.5 Dodging
 - Level 1.5 Stealth
 * Level 5.6 Shields
 - Level 3.8 Spellcasting
 - Level 4.2 Conjurations
 - Level 6.0 Fire Magic


You had one spell level left.
You knew the following spells:

 Your Spells              Type           Power        Failure   Level  Hunger
a - Flame Tongue          Conj/Fire      ####.        6%          1    N/A
b - Conjure Flame         Conj/Fire      ####....     17%         3    N/A
c - Sticky Flame          Conj/Fire      ####....     56%         4    N/A
d - Fireball              Conj/Fire      ####......   97%         5    N/A

Dungeon Overview and Level Annotations

Branches:
Dungeon (8/27)             Temple (1/1) D:7
    Orc: D:6-11        Lair: D:8-13

Altars:
Ashenzari
Cheibriados
Elyvilon
Fedhas
Kikubaaqudgha
Makhleb
Nemelex Xobeh
Okawaru
Sif Muna
Trog
Vehumet
Xom
Yredelemnul


Innate Abilities, Weirdness & Mutations

You do not eat or drink.
Your flesh is vulnerable to fire.
Your flesh is cold resistant.
You are immune to negative energy.
Your system is resistant to poisons.
You are immune to unholy pain and torment.
You can survive without breathing.


Message History

Press: ? - help, Shift-Dir - straight line, f - orc warrior
Aim: an orc warrior, wielding an orcish short sword and wearing an orcish chain mail (lightly wounded)
You feel a surge of power!
The flame misses the orc warrior.
You block the orc warrior's attack.
Okay, then.
Casting: Flame Tongue
Confirm with . or Enter, or press ? or * to list all spells.
Okay, then.
You block the orc warrior's attack.
You start removing your armour.
You continue taking off your +0 shield.
You block the orc warrior's attack.
You continue taking off your +0 shield.
The orc warrior hits you with an orcish short sword!
Keep disrobing?
* * * LOW HITPOINT WARNING * * *
You continue taking off your +0 shield.
You block the orc warrior's attack.
You continue taking off your +0 shield.
The orc warrior hits you with an orcish short sword!
You die...

..........# ..........#
..........# .......#### .......#
.......# .......#
.......##########################
................@o...........##..
.................................
.................................
.................................
.................................
.....................).....>.....
.................................
.................................
##########...####################


You could see an orc warrior.

Vanquished Creatures
  A hungry ghost (D:7)
  Menkaure (D:5)
  2 sky beasts (D:7)
  An ice beast (D:7)
  A black bear (D:7)
  A centaur (D:5)
  A water moccasin (D:7)
  3 giant frogs (D:7)
  A giant frog skeleton (D:6)
  2 orc priests (D:4)
  2 giant frog zombies
  3 hounds
  A scorpion (D:4)
  An iguana (D:5)
  8 worker ants
  6 big kobold zombies (Ossuary)
  An ogre skeleton (D:5)
  A hound zombie (D:3)
  2 mummies
  4 gnolls (D:7)
  13 adders
  2 giant mites
  A goliath beetle zombie (D:6)
  An inept feature mimic (D:7)
  2 worms (D:4)
  An adder zombie (D:6)
  A giant eyeball (D:5)
  3 giant geckos
  20 orcs
  2 spectral bats (Ossuary)
  A bat skeleton (D:6)
  A bat zombie (D:5)
  3 giant cockroaches
  10 goblins
  12 hobgoblins
  A quokka (D:3)
  8 bats
  3 bat simulacra (Ossuary)
  2 giant newts (D:2)
  6 gnoll zombies (Ossuary)
  A goblin simulacrum (Ossuary)
  3 goblin zombies (Ossuary)
  6 hobgoblin zombies (Ossuary)
  5 kobolds
  2 kobold simulacra (Ossuary)
  2 kobold skeletons
  6 kobold zombies (Ossuary)
  3 orc zombies (Ossuary)
  6 rats
  2 rat simulacra (Ossuary)
  3 spectral goblins (Ossuary)
  3 spectral rats (Ossuary)
178 creatures vanquished.

Notes
Turn   | Place    | Note
--------------------------------------------------------------
     0 | D:1      | Lilouch, the Mummy Fire Elementalist, began the quest for the Orb.
     0 | D:1      | Reached XP level 1. HP: 13/13 MP: 3/3
   169 | D:1      | Reached skill level 1 in Conjurations
   401 | D:2      | Reached XP level 2. HP: 19/19 MP: 2/4
   614 | D:2      | Found a white marble altar of Elyvilon.
   987 | D:3      | Found an ancient bone altar of Kikubaaqudgha.
  1130 | D:3      | Reached XP level 3. HP: 24/24 MP: 3/6
  1219 | D:3      | Learned a level 3 spell: Conjure Flame
  1224 | D:3      | Reached skill level 3 in Fire Magic
  1338 | D:3      | Reached XP level 4. HP: 30/30 MP: 5/8
  1537 | D:3      | Found a bloodstained altar of Trog.
  1919 | D:4      | Reached XP level 5. HP: 17/35 MP: 6/10
  2256 | D:4      | Reached skill level 4 in Fire Magic
  2429 | D:4      | Found a sparkling altar of Nemelex Xobeh.
  2473 | D:4      | Reached XP level 6. HP: 41/41 MP: 0/12
  3336 | D:5      | Entered Level 5 of the Dungeon
  3586 | D:5      | Paralysed by a giant eyeball for 2 turns
  3912 | D:5      | Noticed Menkaure
  4029 | D:5      | Killed Menkaure
  4029 | D:5      | Reached skill level 5 in Fire Magic
  4029 | D:5      | Reached XP level 7. HP: 46/46 MP: 2/15
  4133 | D:5      | Learned a level 4 spell: Sticky Flame
  4139 | D:5      | Learned a level 5 spell: Fireball
  4329 | D:5      | Reached skill level 1 in Shields
  5931 | D:7      | Reached XP level 8. HP: 52/52 MP: 10/17
  6151 | D:7      | Found a staircase to the Ecumenical Temple.
  6395 | D:7      | Found a shattered altar of Ashenzari.
  6558 | D:7      | Reached skill level 6 in Fire Magic
  6588 | D:7      | Found a sand-covered staircase.
  6596 | Ossuary  | Entered an ossuary
  7021 | Ossuary  | Reached skill level 5 in Shields
  7885 | Temple   | Entered the Ecumenical Temple
  7916 | Temple   | Became a worshipper of Vehumet
  8058 | D:7      | Got a wavering brass ring
  8382 | D:6      | Slain by an orc warrior

Action                   |  1- 3 |  4- 6 |  7- 9 || total
-------------------------+-------+-------+-------++-------
Melee: Dagger            |    13 |       |       ||    13
       Unarmed           |     1 |       |       ||     1
       Staff             |     2 |    14 |    32 ||    48
       Whip              |       |     3 |       ||     3
Throw: Dagger            |    11 |    39 |     1 ||    51
       Stone             |     1 |     6 |       ||     7
 Cast: Flame Tongue      |    27 |   130 |   207 ||   364
       Conjure Flame     |     1 |     7 |    12 ||    20
  Use: Scroll            |       |       |     8 ||     8
 Stab: Sleeping          |     1 |       |       ||     1
